 Dungeon Crawl Stone Soup version 0.28.0-43-g3370ac3207 (webtiles) character file.

Game seed: 9557747931793320717

24225 Peloso the Carver (level 12, -2/112 HPs)
             Began as a Minotaur Fighter on Mar 24, 2022.
             Was a High Priest of Okawaru.
             Slain by a wolf (24 damage)
             ... on level 4 of the Lair of Beasts.
             The game lasted 00:24:39 (16802 turns).

Peloso the Carver (Minotaur Fighter)               Turns: 16802, Time: 00:24:40

Health: -2/112     AC: 20    Str: 24    XL:     12   Next: 78%
Magic:  11/11      EV:  2    Int:  7    God:    Okawaru [*****.]
Gold:   876        SH:  0    Dex: 18    Spells: 11/11 levels left

rFire   . . .      SeeInvis .   a - +7 long sword of Analysis {vorpal, rElec rC++ rCorr Int+2}
rCold   + + .      Faith    +   c - +0 buckler
rNeg    . . .      Spirit   .   u - +0 plate armour
rPois   .          Reflect  .   (helmet restricted)
rElec   +          Harm     .   y - +0 cloak
rCorr   +          Rampage  .   H - +1 pair of gloves
Will    +....                   (no boots)
Stlth   ..........              N - amulet of faith
HPRegen 0.28/turn               n - +6 ring of dexterity
MPRegen 0.12/turn               R - ring of willpower

@: about to teleport, sleeping
A: horns 2, retaliatory headbutt
a: Renounce Religion, Heroism, Finesse, Duel


You were on level 4 of the Lair of Beasts.
You worshipped Okawaru.
Okawaru was extremely pleased with you.
You visited 3 branches of the dungeon, and saw 16 of its levels.
You also visited: Ossuary.

You collected 876 gold pieces.

Inventory:

Hand Weapons
 a - the +7 long sword of Analysis (weapon) {vorpal, rElec rC++ rCorr Int+2}
   (Okawaru gifted it to you on level 1 of the Lair of Beasts)

   It inflicts extra damage upon your enemies.
   Int:       It affects your intelligence (+2).
   rC:        It greatly protects you from cold.
   rElec:     It insulates you from electricity.
   rCorr:     It protects you from acid and corrosion.
 b - a +0 dagger of flaming
Missiles
 s - 3 throwing nets (quivered)
Armour
 c - a +0 buckler (worn)
 u - a +0 plate armour (worn)
 y - a +0 cloak (worn)
 B - +0 fire dragon scales
 H - a +1 pair of gloves (worn)
Jewellery
 h - an amulet of regeneration
 n - a +6 ring of dexterity (left hand)
 C - a ring of wizardry
 D - the necklace of Bloodlust {*Rage Will++ Int-3 Slay+6}
   (You found it on level 6 of the Dungeon)

   [amulet of nothing]

   It extends the wearer's berserk rage when killing foes.
   Int:       It affects your intelligence (-3).
   Slay:      It affects your accuracy & damage with ranged weapons and melee
   (+6).
   *Rage:     It berserks you when you make melee attacks (+50% chance).
   Will:      It greatly increases your willpower.
 N - an amulet of faith (around neck)
 R - a ring of willpower (right hand)
 U - a +4 ring of evasion
 V - a ring of see invisible
 W - a ring of poison resistance
Wands
 q - a wand of charming (8)
 v - a wand of polymorph (13)
 E - a wand of paralysis (6)
 I - a wand of digging (11)
 O - a wand of flame (7)
 Q - a wand of iceblast (13)
Scrolls
 e - 3 scrolls of amnesia
 f - 4 scrolls of teleportation
 i - 2 scrolls of enchant armour
 m - 6 scrolls of fear
 o - 2 scrolls of blinking
 r - 2 scrolls of brand weapon
 t - a scroll of holy word
 z - 4 scrolls of fog {unknown}
 F - 4 scrolls of enchant weapon {unknown}
 J - a scroll of vulnerability {unknown}
 L - a scroll of noise {unknown}
 T - 2 scrolls of torment {unknown}
Potions
 d - a potion of might
 g - 11 potions of curing
 j - 2 potions of resistance
 k - 5 potions of haste
 p - 3 potions of heal wounds
 w - 2 potions of brilliance
 x - a potion of experience
 A - 2 potions of mutation
 G - 4 potions of flight {unknown}
 K - 2 potions of attraction {unknown}
 P - a potion of ambrosia {unknown}
 S - a potion of magic {unknown}
Miscellaneous
 M - a phial of floods


   Skills:
 + Level 11.9 Fighting
 + Level 3.5(9.5) Short Blades
 + Level 14.6(14.9) Long Blades
 + Level 14.2 Armour
 + Level 4.4 Dodging
 + Level 3.0 Stealth
 + Level 9.5 Shields
 + Level 1.5 Unarmed Combat
 + Level 1.2 Invocations
 + Level 0.9 Evocations


You had 11 spell levels left.
You didn't know any spells.
Your spell library contained the following spells:

 Spells                   Type           Power      Damage    Failure   Level
 Sandblast                Erth           0%         2d4       99%         1
 Sting                    Tmut/Pois      0%         1d3       99%         1
 Corpse Rot               Necr/Air       0%         N/A       100%        2
 Passwall                 Tmut/Erth      0%         N/A       100%        2
 Poisonous Vapours        Pois/Air       0%         N/A       100%        2
 Static Discharge         Conj/Air       0%         N/A       100%        2
 Sublimation of Blood     Necr           0%         N/A       100%        2
 Wereblood                Tmut           0%         N/A       100%        2
 Dazzling Flash           Conj/Hex       0%         N/A       100%        3
 Ozocubu's Armour         Ice            0%         N/A       100%        3
 Stone Arrow              Conj/Erth      0%         3d7       100%        3
 Dispel Undead            Necr           0%         3d6       100%        4
 Olgreb's Toxic Radiance  Pois           0%         N/A       100%        4
 Sticky Flame             Conj/Fire      0%         2d3       100%        4
 Agony                    Necr           0%         N/A       100%        5
 Borgnjor's Vile Clutch   Necr/Erth      0%         N/A       100%        5
 Metabolic Englaciation   Hex/Ice        0%         N/A       100%        5
 Silence                  Hex/Air        0%         N/A       100%        5
 Animate Dead             Necr           Unusable   N/A       N/A         4
 Death Channel            Necr           Unusable   N/A       N/A         6
 Simulacrum               Ice/Necr       Unusable   N/A       N/A         6
 Summon Hydra             Summ           Unusable   N/A       N/A         7

Dungeon Overview and Level Annotations

Branches:
Dungeon (11/15)            Temple (1/1) D:7            Lair (4/6) D:9
    Orc (0/2) D:10        Ossuary (visited)
  Swamp: Lair:2-4    Shoals: Lair:2-4     Snake: Lair:2-4    Spider: Lair:2-4

Altars:
Ashenzari
Cheibriados
Dithmenos
Elyvilon
Fedhas
Gozag
Hepliaklqana
Kikubaaqudgha
Makhleb
Nemelex Xobeh
Okawaru
Qazlal
Ru
Sif Muna
Trog
Uskayaw
Vehumet
Wu Jian
Xom
Yredelemnul
Zin
The Shining One


Innate Abilities, Weirdness & Mutations

You have a pair of horns on your head.
You reflexively headbutt those who attack you in melee.


Message History

You slash the wolf!
You kill the wolf!
Okawaru accepts your kill. You block the wolf's attack.
Unknown command.
You miss the wolf.
The wolf is lightly wounded.
The wolf barely misses you.
Unknown command.
You slash the wolf! Your headbutt misses the wolf.
The wolf is severely wounded.
You block the wolf's attack.
The dream sheep are wreathed in dream dust.
You feel drowsy...
You fall asleep.
The wolf bites you but does no damage. The wolf bites you!
You wake up.
* * * LOW HITPOINT WARNING * * *
You miss the wolf.
The wolf is heavily wounded.
The wolf bites you but does no damage. The wolf completely misses you.
Unknown command.
You hit the wolf.
The wolf is severely wounded.
The wolf barely misses you. You furiously retaliate!
You headbutt the wolf. The wolf closely misses you. The wolf bites you.
* * * LOW HITPOINT WARNING * * *
Unknown command.
As you read the scroll of teleportation, it crumbles to dust.
You feel strangely unstable. The wolf bites you but does no damage.
The wolf bites you.
* * * LOW HITPOINT WARNING * * *
You block the wolf's attack.
Unknown command.
You slash the wolf! Your headbutt misses the wolf.
The wolf is almost dead.
The wolf bites you but does no damage. You block the wolf's attack.
The dream sheep shake their wool and sparkle.
You feel drowsy...
You fall asleep.
The wolf bites you but does no damage. The wolf bites you!!
You die...

................
................Y.
..........Y...... .
.............Y.. ..# #.P
#....# #.##P.###.††.#
#..P...##h..## #
#......#YhY.# # #.....@hYY..#
## .##.....h##Y..## #.
.....#......#.....# ##
.....#...##.#Y#...###### #.
.....##..####.#.....#.#.#####
..................<..........
.............................
.............................
.............................


You could see 4 wolves and 6 dream sheep.

Vanquished Creatures
  4 hydras
  4 two-headed ogres
  Pikel (D:7)
  Joseph (D:7)
  3 black mambas
  9 cane toads
  7 komodo dragons
  A rime drake (Lair:2)
  3 trolls
  2 hornets
  A polar bear (Lair:1)
  7 blink frogs
  2 wraiths
  A shadow (D:10)
  Sigmund (D:2)
  2 wyverns (Lair:3)
  19 yaks
  2 basilisks
  13 water moccasins
  Duvessa (D:7)
  3 sky beasts
  3 orc warriors
  3 ogres
  3 black bears
  An ice beast (D:7)
  13 wolves
  3 centaurs
  A phantom (D:5)
  2 elf zombies (Ossuary)
  2 kobold brigands (D:7)
  9 bullfrogs
  4 scorpions
  A water moccasin zombie (D:6)
  A wyvern zombie (D:9)
  Dowan (D:7)
  5 killer bees (D:9)
  A howler monkey (D:8)
  2 electric eels (Lair:4)
  7 crimson imps (D:8)
  2 centaur zombies
  A bullfrog zombie (D:6)
  A human zombie (Ossuary)
  2 gnoll shamans
  A hound (D:6)
  6 iguanas
  A centaur skeleton (D:7)
  2 orc priests
  Ijyb (D:5)
  6 orc wizards
  3 hound zombies (Ossuary)
  4 mummies (Ossuary)
  10 adders
  6 gnolls
  3 shadow imps
  A white imp (D:8)
  2 ufetubi (D:5)
  An adder skeleton (D:4)
  2 dart slugs
  15 orcs
  6 ball pythons
  10 endoplasms
  6 giant cockroaches
  4 goblins
  7 hobgoblins
  9 quokkas
  4 bats
  5 frilled lizards
  A hobgoblin zombie (Ossuary)
  2 jackal zombies (Ossuary)
  11 kobolds
  A kobold zombie (Ossuary)
  2 rats (D:1)
  A rat zombie (Ossuary)
288 creatures vanquished.

Vanquished Creatures (others)
  18 fungi
  19 plants
37 creatures vanquished.

Grand Total: 325 creatures vanquished

Notes
Turn   | Place    | Note
-------+----------+-------------------------------------------
     0 | D:1      | Peloso the Minotaur Fighter began the quest for the Orb.
     0 | D:1      | Reached XP level 1. HP: 19/19 MP: 0/0
   327 | D:1      | Reached XP level 2. HP: 27/27 MP: 1/1
   786 | D:1      | Reached XP level 3. HP: 33/33 MP: 2/2
   793 | D:1      | Found a faded altar of an unknown god.
  1216 | D:2      | Noticed Sigmund
  1519 | D:3      | Reached XP level 4. HP: 40/40 MP: 3/3
  1951 | D:4      | Reached skill level 5 in Armour
  1987 | D:4      | Reached XP level 5. HP: 42/46 MP: 4/4
  2043 | D:4      | Noticed a black bear
  2051 | D:4      | Killed a black bear
  2052 | D:4      | Reached skill level 1 in Dodging
  2275 | D:4      | Reached skill level 5 in Long Blades
  2275 | D:4      | Reached XP level 6. HP: 51/53 MP: 5/5
  2663 | D:2      | Found a hide-covered altar of Uskayaw.
  2764 | D:2      | Killed Sigmund
  2765 | D:2      | Reached XP level 7. HP: 36/60 MP: 6/6
  3502 | D:5      | Entered Level 5 of the Dungeon
  3507 | D:5      | Noticed Ijyb
  3531 | D:5      | Killed Ijyb
  3574 | D:5      | Reached skill level 5 in Fighting
  3945 | D:5      | Reached skill level 1 in Unarmed Combat
  4305 | D:6      | Reached skill level 5 in Shields
  4305 | D:6      | Reached XP level 8. HP: 61/69 MP: 7/7
  4366 | D:6      | Found a sand-covered staircase.
  4394 | Ossuary  | Entered an ossuary
  4857 | D:6      | Found the necklace of Bloodlust {*Rage Will++ Int-3 Slay+6}
  5109 | D:7      | Found a staircase to the Ecumenical Temple.
  5148 | D:7      | Reached XP level 9. HP: 72/78 MP: 8/8
  5181 | Temple   | Entered the Ecumenical Temple
  5363 | Temple   | Became a worshipper of Warmaster Okawaru
  5536 | D:7      | Noticed Joseph
  5551 | D:7      | Killed Joseph
  5552 | D:7      | Reached skill level 10 in Long Blades
  5552 | D:7      | Reached skill level 1 in Stealth
  5593 | D:7      | Noticed Pikel
  5595 | D:7      | Noticed Duvessa
  5596 | D:7      | Noticed Dowan
  5619 | D:7      | Killed Pikel
  5619 | D:7      | Reached * piety under Okawaru
  5623 | D:7      | Killed Duvessa
  5687 | D:7      | Killed Dowan
  5948 | D:7      | Noticed a death knight
  6303 | D:8      | Reached ** piety under Okawaru
  6846 | D:9      | Noticed a komodo dragon
  6855 | D:8      | Killed a komodo dragon
  6856 | D:8      | Reached XP level 10. HP: 88/88 MP: 9/9
  7755 | D:9      | Found a staircase to the Lair.
  7893 | D:9      | Noticed a two-headed ogre
  7909 | D:9      | Killed a two-headed ogre
  7910 | D:9      | Reached skill level 10 in Armour
  8169 | D:9      | Identified the +1 ring mail "Riugirphokk" {rF+ Regen+
                  | rCorr}
  8200 | D:9      | Paralysed by a hornet for 3 turns
  8208 | D:9      | Reached *** piety under Okawaru
  9025 | D:10     | Entered Level 10 of the Dungeon
  9052 | D:10     | Found an ornate altar of the Wu Jian Council.
  9315 | D:10     | Reached **** piety under Okawaru
  9378 | D:10     | Found a staircase to the Orcish Mines.
  9491 | D:10     | Noticed a two-headed ogre
  9505 | D:10     | Killed a two-headed ogre
  9506 | D:10     | Reached XP level 11. HP: 31/97 MP: 8/10
 10173 | D:11     | Noticed a two-headed ogre
 10187 | D:11     | Killed a two-headed ogre
 10424 | D:11     | Noticed a two-headed ogre
 10445 | D:11     | Killed a two-headed ogre
 10445 | D:11     | Reached ***** piety under Okawaru
 10449 | D:11     | Noticed a death knight
 11043 | Lair:1   | Entered Level 1 of the Lair of Beasts
 11086 | Lair:1   | Noticed a five-headed hydra
 11104 | Lair:1   | Killed a five-headed hydra
 11278 | Lair:1   | Reached skill level 1 in Short Blades
 11759 | Lair:1   | Received a gift from Okawaru
 12704 | Lair:2   | Reached skill level 10 in Fighting
 12714 | Lair:1   | Identified the +7 long sword of Analysis {vorpal, rElec
                  | rC++ rCorr Int+2} (Okawaru gifted it to you on level 1 of
                  | the Lair of Beasts)
 12714 | Lair:1   | Received a gift from Okawaru
 13628 | Lair:2   | Reached XP level 12. HP: 95/107 MP: 11/11
 14335 | Lair:3   | Noticed a four-headed hydra
 14352 | Lair:3   | Killed a four-headed hydra
 14805 | Lair:3   | Noticed a five-headed hydra
 14820 | Lair:3   | Killed a five-headed hydra
 14921 | Lair:3   | Reached skill level 1 in Invocations
 15326 | Lair:3   | Identified the +5 ring mail "Mioxis" {Harm rElec rC+ Str-2}
                  | (Okawaru gifted it to you on level 3 of the Lair of Beasts)
 15326 | Lair:3   | Received a gift from Okawaru
 15605 | Lair:3   | Noticed an eight-headed hydra
 15625 | Lair:3   | Killed an eight-headed hydra
 16802 | Lair:4   | Slain by a wolf

Illustrated notes

Levels and vault maps discovered:
D:1:      tarquinn_simple_flora_water_a, layout_basic,
          shapermc_ecumenical_altar_venn, kennysheep_doodads, st_stairs_3
D:2:      cheibrodos_old_hovel, layout_basic, basic_altar,
          nicolae_figureground_pulse, uniq_sigmund
D:3:      layout_basic, corner_web_ring, mrwooster_statue_mirror,
          hex_intersection, minmay_misc_feat_iff
D:4:      layout_loops_ring
D:5:      layout_cave_pods, uniq_ijyb
D:6:      layout_basic, lightli_ossuary_entry_decrepit_ruins, abandoned_shop
D:7:      layout_basic, minmay_temple_entry_wispy, uniq_duvessa, uniq_pikel,
          uniq_joseph
D:8:      layout_loops_ring, minmay_nine_imps
D:9:      layout_small_grid, grunt_lair_entry_orc_guard_hut,
          chequers_serial_rivers_small_b, chequers_arboretum
D:10:     layout_cave_pools, nicolae_wu_jian_wuxing_cycle, orc_0_dummy
D:11:     layout_rooms, grunt_tough_drop
Temple:   mainiacjoe_temple_starburst
Lair:1:   layout_cave_pods, guppyfry_lair_drakes
Lair:2:   layout_cave_pods, grunt_megastairs_5
Lair:3:   layout_roguey
Lair:4:   layout_regular_city, swamp_mist_pool, dummy_spider_entry,
          serial_bayou_shore_a, uniq_sonja

Skill      XL: |  1  2  3  4  5  6  7  8  9 10 11 12 |
---------------+-------------------------------------+-----
Fighting       | 4 5 6 7 9 10 11 | 11.9
Armour         | 4 5 6 7 9 11 12 14 | 14.2
Shields        | 4 5 6 7 8 9 |  9.5
Long Blades    | 3 4 5 6 7 9 11 12 14 | 14.6
Dodging        | 1 2 3 4 |  4.4
Unarmed Combat | 1 |  1.5
Stealth        | 2 3 |  3.0
Short Blades   | 1 3 |  3.5
Invocations    | 1 |  1.2
Evocations     | |  0.9

Action                   |  1- 3 |  4- 6 |  7- 9 | 10-12 || total
-------------------------+-------+-------+-------+-------++-------
Melee: Long sword        |    78 |    70 |   307 |   503 ||   958
       Headbutt          |    11 |    14 |    63 |   147 ||   235
       Unarmed           |       |       |     9 |       ||     9
       Dagger            |       |       |       |    52 ||    52
Invok: Heroism           |       |       |       |     8 ||     8
Evoke: Wand              |       |       |     2 |     5 ||     7
  Use: Scroll            |       |       |     7 |    11 ||    18
       Potion            |       |       |     1 |     3 ||     4
 Stab: Paralysed         |       |       |     7 |       ||     7
Armor: Scale mail        |    28 |    23 |       |       ||    51
       Plate armour      |       |     3 |   152 |   311 ||   466
       Skin              |       |       |     3 |       ||     3
Dodge: Dodged            |    41 |    25 |    87 |   220 ||   373
Block: Buckler           |    13 |    20 |    73 |   217 ||   323
